AoeStats
← DANG IT

Hideout

509741571Analyzed
1v1 RM · 6d ago on Sep 27, 2026· 33m 59s· 2 players
Game mode
Random Map
Map size
Tiny (2 player)
Population
200
Speed
Normal
Resources
Standard
Victory
Conquest
Starting age
Dark Age
Ending age
Imperial Age
RankedLock teamsTeams togetherTeam positionsShared explorationLock speedFull tech treeHidden civsTurbo modeCheats
Victory
Defeat
🇨🇱 Malians · Chile
1071
+15
🇵🇪 Dravidians · Peru
1052
-15
DANG IT
9:57 Feudal Age
10:26 Double-Bit Axe
17:05 Castle Age
15:39 Horse Collar
18:50 Loom
20:38 Gold Mining
25:52 Wheelbarrow
25:31 Bow Saw
25:23 Heavy Plow
30:13 Fletching
30:23 Padded Archer Armor
30:13 Town Watch
30:34 Elite Skirmisher
31:47 Hand Cart
33:30 Thumb Ring
34:21 Ballistics
nerostrife
9:44 Feudal Age
10:31 Loom
14:36 Castle Age
12:44 Stone Mining
12:42 Double-Bit Axe
14:44 Loom
17:36 Bow Saw
22:22 Gold Mining
27:23 Forging
29:43 Iron Casting
30:55 Redemption
31:19 Scale Mail Armor
32:11 Arson
32:27 Squires
34:21 Chain Mail Armor
34:13 Horse Collar
Connection lost

Rejoining the realm…

Still unreachable

The connection could not be restored.

Session expired

The server has moved on; the page needs a fresh start.